 Dungeon Crawl Stone Soup version bcrawl-1.36.3 (webtiles) character file.

Game seed: 11292620454558216152

145426 BreqofToren the Twirler (level 5, -9/45 HPs)
             Began as a Demigod Gladiator on June 20, 2022.
             Mangled by an ogre
             ... wielding a +0 giant club
              (19 damage)
             ... on level 4 of the Dungeon.
             The game lasted 00:06:29 (2706 turns).

BreqofToren the Twirler (Demigod Gladiator)         Turns: 2706, Time: 00:06:29

Health: -9/45      AC: 13    Str: 20    XL:     5   Next: 33%
Magic:  9/9        EV:  7    Int: 12    God:    Demigod [**....]
Gold:   154        SH:  0    Dex: 18    Spells: 4/4 levels left

rFire    . . .     SeeInvis .   a - +2 quarterstaff
rCold    . . .     Gourm    .   (shield currently unavailable)
rNeg     . . .     Faith    .   s - +0 plate armour
rPois    .         Spirit   .   c - +0 helmet
rElec    .         Reflect  .   p - +1 cloak
rCorr    .                      (no gloves)
MR       .....                  (no boots)
Stlth    ..........             (no amulet)
HPRegen  0.15/turn              (no ring)
MPRegen  0.11/turn              (no ring)

@: no status effects
A: high mp 1
a: Temporal Distortion, Growth


You were on level 4 of the Dungeon.
You worshipped Demigod.
Demigod was pleased with you.
You were not hungry.

You visited 1 branch of the dungeon, and saw 4 of its levels.

You collected 154 gold pieces.

Inventory:

Hand Weapons
 a - a +2 quarterstaff (weapon)
Missiles
 d - 3 throwing nets {=f}
Armour
 b - a +0 leather armour
 c - a +0 helmet (worn)
 p - a +1 cloak (worn)
 s - a +0 plate armour (worn)
Wands
 g - a wand of disintegration (19)
Scrolls
 q - a scroll of magic mapping
 v - a scroll of remove curse
Potions
 f - a potion of heal wounds
 h - a potion of agility
 k - 2 potions of haste
 n - a potion of resistance
 o - a potion of flight
 r - a potion of invisibility
 t - a potion of brilliance {unknown}
 u - a potion of lignification {unknown}
Comestibles
 e - 3 rations {!d}
 m - a chunk of flesh


   Skills:
 + Level 3.2 Fighting
 * Level 3.9 Staves
 - Level 1.7 Throwing
 + Level 1.5 Armour
 + Level 3.2 Dodging
 + Level 2.3 Invocations
 + Level 0.6 Evocations


You had 4 spell levels left.
You didn't know any spells.
Your spell library was empty.

Dungeon Overview and Level Annotations

Branches:
Dungeon (4/12)
 Temple: D:4-7


Innate Abilities, Weirdness & Mutations

You have an increased reservoir of magic. (+10% MP)


Message History

You sock the ogre!
The ogre is moderately wounded.
The leopard gecko bites you.
The ogre hits you with a +0 giant club!!
* * * LOW HITPOINT WARNING * * *
You are too injured to fight recklessly!
You are too injured to fight recklessly!
You are too injured to fight recklessly!
You are too injured to fight recklessly!
You miss the leopard gecko.
The leopard gecko bites you but does no damage.
The ogre hits you with a +0 giant club.
* * * LOW HITPOINT WARNING * * *
An orc wizard comes into view. It is wielding a +0 dagger.
The leopard gecko bites you but does no damage.
You barely miss the leopard gecko.
The orc wizard miscasts a cantrip.
The ogre hits you with a +0 giant club!!
You die...
Your divinity fades.

o.$#.. #......#
...... .......#.
......##.......
..............
.....<......# #
......o.....#...
......Z#....(...
......O@l...#
.........####
...........
....).......#
..............
............#..
...##......#. .
..# #......###


You could see an ogre, an orc wizard, an orc priest, a leopard gecko and a
bullfrog skeleton.

Vanquished Creatures
  An iguana (D:3)
  5 adders (D:3)
  2 oozes
  5 worms
  2 dart slugs
  5 leopard geckos
  5 orcs (D:3)
  2 giant cockroaches
  4 goblins
  8 hobgoblins
  10 jackals
  7 kobolds
  A quokka (D:3)
  3 ball pythons (D:1)
  3 bats
  A frilled lizard (D:2)
  9 rats
73 creatures vanquished.

Notes
Turn   | Place    | Note
-------+----------+-------------------------------------------
     0 | D:1      | BreqofToren the Demigod Gladiator began the quest for the
                  | Orb.
     0 | D:1      | Reached XP level 1. HP: 18/18 MP: 3/3
    39 | D:1      | Reached XP level 2. HP: 22/25 MP: 4/4
   314 | D:1      | Reached skill level 1 in Invocations
   362 | D:1      | Reached XP level 3. HP: 29/30 MP: 6/6
   592 | D:1      | Reached skill level 1 in Armour
   779 | D:2      | Found a shattered altar of Ashenzari.
   924 | D:2      | Found a corrupted altar of Lugonu.
  1132 | D:2      | Reached * piety under Demigod
  1543 | D:2      | Reached XP level 4. HP: 37/38 MP: 7/7
  1709 | D:2      | Found a shimmering blue altar of Sif Muna.
  2045 | D:3      | Reached XP level 5. HP: 40/45 MP: 9/9
  2189 | D:3      | Found a glowing silver altar of Zin.
  2189 | D:3      | Noticed an angel
  2415 | D:3      | Reached ** piety under Demigod
  2532 | D:3      | Found a radiant altar of Vehumet.
  2701 | D:4      | Noticed an ogre
  2706 | D:4      | Mangled by an ogre

Skill      XL: |  1  2  3  4 |
---------------+-------------+-----
Staves         | 3 |  3.9
Invocations    | 1 2 |  2.3
Armour         | 1 |  1.5
Fighting       | 3 |  3.2
Dodging        | 3 |  3.2
Throwing       | |  1.7
Evocations     | |  0.6

Action                   |  1- 3 |  4- 6 || total
-------------------------+-------+-------++-------
Melee: Quarterstaff      |   107 |    91 ||   198
  Use: Scroll            |       |    14 ||    14
 Stab: Sleeping          |     3 |       ||     3
  Eat: Chunk             |     4 |     7 ||    11
Armor: Leather armour    |    22 |       ||    22
       Plate armour      |    21 |    57 ||    78
Dodge: Dodged            |    58 |    45 ||   103
